 Dungeon Crawl Stone Soup version 0.31-a0-889-g1a8549509d (webtiles) character file.

Game seed: 17394382119787541150

1871 GigaChad the Chopper (level 9, -7/1 (55) HPs) *EXPLORE*
             Began as a Kobold Fighter on Oct 16, 2023.
             Mangled by Jeremiah
             ... wielding a +2 trident of draining
              (8 damage)
             ... on level 7 of the Dungeon.
             The game lasted 00:07:57 (5933 turns).

GigaChad the Chopper (Kobold Fighter)               Turns: 5933, Time: 00:07:57

HP:   -7/1 (55)     AC: 13    Str: 18    XL:     9   Next: 35%
MP:   9/9           EV:  8    Int:  9    God:
Gold: 309           SH:  5    Dex: 14    Spells: 8/8 levels left

rFire   . . .        a - +0 war axe
rCold   . . .        c - +0 buckler
rNeg    . . .        b - +0 plate armour
rPois   .            (no helmet)
rElec   .            m - +0 cloak
rCorr   .            (no gloves)
SInv    .            (no boots)
Will    .....        (no amulet) Stlth
                     (no ring)
HPRegen 0.20/turn    (no ring)
MPRegen 0.11/turn

%: no passive effects
@: extremely drained
A: small, no large weapons, nightstalker 3
a: no special abilities


You were on level 7 of the Dungeon.
You visited 2 branches of the dungeon, and saw 8 of its levels.

You collected 309 gold pieces.

Inventory:

Hand Weapons
 a - a +0 war axe (weapon)
 k - a +1 hammer of protection
 l - a +4 quarterstaff of chaos
Armour
 b - a +0 plate armour (worn)
 c - a +0 buckler (worn)
 m - a +0 cloak (worn)
Jewellery
 s - a ring of fire
 t - an amulet of the acrobat
 v - a ring of fire
Wands
 y - a wand of light (2)
Scrolls
 e - 2 scrolls of enchant armour {unknown}
 f - 9 scrolls of identify {unknown}
 h - 2 scrolls of enchant weapon {unknown}
 q - a scroll of acquirement {unknown}
 w - 3 scrolls of immolation {unknown}
 x - a scroll of teleportation {unknown}
 B - a scroll of brand weapon {unknown}
 C - 2 scrolls of poison {unknown}
Potions
 d - a potion of might
 g - a potion of ambrosia {unknown}
 i - 2 potions of berserk rage {unknown}
 j - 2 potions of cancellation {unknown}
 n - a potion of invisibility {unknown}
 o - a potion of haste {unknown}
 p - a potion of mutation {unknown}
 r - 3 potions of curing {unknown}
 u - a potion of enlightenment {unknown}
 z - a potion of lignification {unknown}
 A - a potion of attraction {unknown}


   Skills:
 * Level 5.6 Fighting
 * Level 5.9 Axes
 * Level 5.0 Armour
 * Level 4.1 Dodging
 * Level 5.1 Stealth
 * Level 3.9 Shields


You had 8 spell levels left.
You didn't know any spells.
Your spell library contained the following spells:

 Spells                   Type           Power      Damage    Failure   Level
 Sting                    Tmut/Pois      0%         1d3       100%        1
 Blink                    Tloc           0%         N/A       100%        2
 Ensorcelled Hibernation  Hex/Ice        0%         N/A       100%        2
 Jinxbite                 Hex            0%         N/A       100%        2
 Lesser Beckoning         Tloc           0%         N/A       100%        2
 Momentum Strike          Conj/Tloc      0%         3d8       100%        2
 Poisonous Vapours        Pois/Air       0%         N/A       100%        2
 Wereblood                Tmut           0%         N/A       100%        2
 Anguish                  Hex/Necr       0%         N/A       100%        4
 Olgreb's Toxic Radiance  Pois           0%         N/A       100%        4
 Irradiate                Conj/Tmut      0%         3d11      100%        5


Dungeon Overview and Level Annotations

Branches:
Dungeon (7/15)             Temple (1/1) D:5

Altars:
Ashenzari
Cheibriados
Fedhas
Hepliaklqana
Kikubaaqudgha
Makhleb
Qazlal
Ru
Sif Muna
Trog
Uskayaw
Vehumet
Wu Jian
Yredelemnul
Zin
The Shining One

Shops:
D:4 (   D:5 [   D:6 (*:

Annotations:
D:7 Jeremiah


Innate Abilities, Weirdness & Mutations

You are small and have problems with some larger weapons.
You are completely attuned to the shadows.


Message History

The butterfly disappears in a burst of colours!
You hit the butterfly.
You kill the butterfly!
The butterfly disappears in a burst of colours!
The butterfly disappears in a burst of colours! x2
The butterfly disappears in a burst of colours!
You see here a scorpion corpse.
There is a stone staircase leading down, spattered with blood here.
Things that are here:
a +0 dagger; a +0 scale mail Jeremiah hops!
You slash the butterfly!
You kill the butterfly!
The butterfly disappears in a burst of colours!
You barely miss the butterfly.
Jeremiah's eyes momentarily flash bright red.
You block Jeremiah's attack.
You barely miss the butterfly. Jeremiah hits you but does no damage.
You feel drained. Jeremiah hits you but does no damage.
You feel drained.
You miss the butterfly. You slash the butterfly!
You kill the butterfly!
The butterfly disappears in a burst of colours!
You block Jeremiah's attack.
You closely miss the butterfly. You miss the butterfly.
Jeremiah closely misses you.
You hit the butterfly.
You kill the butterfly!
The butterfly disappears in a burst of colours!
You hit the butterfly.
You kill the butterfly!
The butterfly disappears in a burst of colours!
Jeremiah hits you but does no damage.
You feel drained.
Unknown command.
You barely miss the butterfly. x2
The butterfly disappears in a burst of colours!
Jeremiah asks, "Am I dreaming?
Is this real?"
Jeremiah hits you from afar with a +2 trident of draining!
Ouch! That really hurt!
You die...
Jeremiah says, "O terrible one, your will is done."

.#....#
#.....#
......#
#####.#
#####..#
####F#
#......#
#....#
#.###.##
#.#### #.#
#.# #b# #b#
#.# #F#
#F###.#####b#
#b..F....bb@#
#####b#######
#.# #b# #.#
..# ###


You could see Jeremiah.

Vanquished Creatures
  3 water moccasins (D:6)
  An orc warrior (D:7)
  A black bear (D:5)
  An ice beast (D:5)
  An ogre (D:4)
  A phantom (D:4)
  A kobold brigand (D:7)
  A bullfrog (D:7)
  3 scorpions
  5 killer bees (D:5)
  A howler monkey (D:6)
  Crazy Yiuf (D:2)
  2 hounds (D:6)
  2 jellies
  Jessica (D:3)
  A sleepcap (D:6)
  4 iguanas
  3 orc wizards
  6 adders
  4 worms
  A dart slug (D:1)
  25 orcs
  6 endoplasms
  4 giant cockroaches
  8 hobgoblins
  3 quokkas
  2 ball pythons
  4 bats (D:2)
  6 goblins
  3 kobolds (D:1)
  3 rats
108 creatures vanquished.

Notes
Turn   | Place    | Note
-------+----------+-------------------------------------------
     0 | D:1      | GigaChad the Kobold Fighter began the quest for the Orb.
     0 | D:1      | Reached XP level 1. HP: 14/14 MP: 1/1
     0 | D:1      | Entered explore mode.
    60 | D:1      | Upgraded the game from 0.31-a0-881-ge136f0c47a to
                  | 0.31-a0-889-g1a8549509d
   161 | D:1      | Reached XP level 2. HP: 16/19 MP: 2/2
   312 | D:1      | You fall into a shaft and drop 1 floor!
   367 | D:2      | Reached skill level 1 in Dodging
   390 | D:2      | Reached XP level 3. HP: 22/23 MP: 3/3
   676 | D:2      | Reached skill level 1 in Stealth
  1118 | D:2      | Found a runed translucent door.
  1121 | D:2      | Noticed Crazy Yiuf
  1133 | D:2      | HP: 1/23 [Crazy Yiuf/+4 quarterstaff of chaos (2)]
  1135 | D:2      | Slain by Crazy Yiuf
                  | ... wielding a +4 quarterstaff of chaos
                  | (2 damage)
                  | ... while petrified by Crazy Yiuf
  1138 | D:2      | Killed Crazy Yiuf
  1139 | D:2      | Reached XP level 4. HP: 29/29 MP: 4/4
  1169 | D:3      | Noticed Jessica
  1173 | D:3      | Killed Jessica
  1174 | D:3      | Reached XP level 5. HP: 33/33 MP: 5/5
  1420 | D:3      | Found an ancient bone altar of Kikubaaqudgha.
  2231 | D:4      | Noticed a phantom
  2247 | D:4      | Killed a phantom
  2248 | D:4      | Reached XP level 6. HP: 33/38 MP: 6/6
  2617 | D:4      | Found Wapp's Antique Weapon Emporium.
  2900 | D:4      | Noticed an ogre
  2906 | D:4      | Mangled by an ogre
                  | ... wielding a +0 giant spiked club
                  | (18 damage)
  2909 | D:4      | Killed an ogre
  2910 | D:4      | Reached XP level 7. HP: 43/43 MP: 7/7
  3128 | D:5      | Entered Level 5 of the Dungeon
  3377 | D:5      | Slain by a killer bee (3 damage)
  3379 | D:5      | HP: 1/43 [poisoned by a killer bee]
  3379 | D:5      | Slain by a killer bee (3 damage)
  3382 | D:5      | Succumbed to a killer bee's poison
  3385 | D:5      | HP: 2/43 [poisoned by a killer bee]
  3385 | D:5      | Mangled by a killer bee (8 damage)
  3388 | D:5      | Succumbed to a killer bee's poison
  3392 | D:5      | Slain by a killer bee (7 damage)
  3395 | D:5      | HP: 1/44 [killer bee (4)]
  3395 | D:5      | Slain by a killer bee (1 damage)
  3401 | D:5      | HP: 2/44 [poisoned by a killer bee]
  3401 | D:5      | Slain by a killer bee (3 damage)
  3565 | D:5      | Reached XP level 8. HP: 22/48 MP: 8/8
  3882 | D:5      | Found a hide-covered altar of Uskayaw.
  3882 | D:5      | Found a stormy altar of Qazlal.
  4055 | D:5      | Found Viet's Antique Armour Emporium.
  4072 | D:5      | Found a staircase to the Ecumenical Temple.
  4277 | Temple   | Entered the Ecumenical Temple
  4307 | D:6      | Found Sufeeb's Book Shoppe.
  4626 | D:6      | Found Oceunozy's Weapon Emporium.
  4689 | D:6      | Reached skill level 5 in Fighting
  4748 | D:6      | HP: 2/49 [poisoned by a water moccasin]
  4749 | D:6      | Succumbed to a water moccasin's poison
  4754 | D:6      | Reached skill level 5 in Axes
  4874 | D:6      | Found Kesyavam's Assorted Antiques.
  4966 | D:6      | Reached XP level 9. HP: 34/54 MP: 9/9
  5224 | D:6      | Splashed by a jelly's acid (4 damage)
  5558 | D:7      | Mangled by an orc warrior
                  | ... wielding a +0 trident
                  | (11 damage)
  5572 | D:7      | Reached skill level 5 in Stealth
  5694 | D:7      | Noticed Jeremiah
  5706 | D:7      | Killed by divine providence
                  | ... invoked by Jeremiah
                  | (12 damage)
  5714 | D:7      | Reached skill level 5 in Armour
  5761 | D:7      | HP: 1/49 [Jeremiah/divine providence (11)]
  5763 | D:7      | Killed by divine providence
                  | ... invoked by Jeremiah
                  | (13 damage)
  5803 | D:7      | Killed by divine providence
                  | ... invoked by Jeremiah
                  | (16 damage)
  5809 | D:7      | Killed by divine providence
                  | ... invoked by Jeremiah
                  | (8 damage)
  5812 | D:7      | Slain by Jeremiah
                  | ... wielding a +2 trident of draining
                  | (4 damage)
  5815 | D:7      | Slain by Jeremiah
                  | ... wielding a +2 trident of draining
                  | (5 damage)
  5822 | D:7      | Slain by Jeremiah
                  | ... wielding a +2 trident of draining
                  | (4 damage)
  5827 | D:7      | Killed by divine providence
                  | ... invoked by Jeremiah
                  | (14 damage)
  5831 | D:7      | Slain by Jeremiah
                  | ... wielding a +2 trident of draining
                  | (4 damage)
  5833 | D:7      | Mangled by Jeremiah
                  | ... wielding a +2 trident of draining
                  | (12 damage)
  5833 | D:7      | Slain by Jeremiah
                  | ... wielding a +2 trident of draining
                  | (4 damage)
  5834 | D:7      | Slain by Jeremiah
                  | ... wielding a +2 trident of draining
                  | (3 damage)
  5834 | D:7      | Slain by Jeremiah
                  | ... wielding a +2 trident of draining
                  | (1 damage)
  5838 | D:7      | Slain by Jeremiah
                  | ... wielding a +2 trident of draining
                  | (1 damage)
  5839 | D:7      | Slain by Jeremiah
                  | ... wielding a +2 trident of draining
                  | (6 damage)
  5842 | D:7      | Killed by divine providence
                  | ... invoked by Jeremiah
                  | (12 damage)
  5843 | D:7      | Slain by Jeremiah
                  | ... wielding a +2 trident of draining
                  | (5 damage)
  5843 | D:7      | Slain by Jeremiah
                  | ... wielding a +2 trident of draining
                  | (2 damage)
  5846 | D:7      | Slain by Jeremiah
                  | ... wielding a +2 trident of draining
                  | (3 damage)
  5846 | D:7      | Slain by Jeremiah
                  | ... wielding a +2 trident of draining
                  | (1 damage)
  5847 | D:7      | Mangled by Jeremiah
                  | ... wielding a +2 trident of draining
                  | (7 damage)
  5847 | D:7      | Slain by Jeremiah
                  | ... wielding a +2 trident of draining
                  | (2 damage)
  5852 | D:7      | Mangled by Jeremiah
                  | ... wielding a +2 trident of draining
                  | (7 damage)
  5852 | D:7      | Slain by Jeremiah
                  | ... wielding a +2 trident of draining
                  | (2 damage)
  5854 | D:7      | Killed by divine providence
                  | ... invoked by Jeremiah
                  | (7 damage)
  5933 | D:7      | Mangled by Jeremiah

Illustrated notes

Levels and vault maps discovered:
D:1:      eino_arrival_tree_alley, layout_basic
D:2:      layout_basic, uniq_crazy_yiuf_cottage
D:3:      layout_basic, mainiacjoe_overflow_alcove_1, uniq_jessica
D:4:      layout_loops_ring, serial_shops,
          nicolae_shop_competitors_out_of_business
D:5:      layout_rooms, gammafunk_temple_overflow_statue, temple_pool_b,
          serial_shops, nicolae_diamond_shop, chequers_serial_rivers_large_b
D:6:      layout_loops_ring, serial_shops, nicolae_shop_hallway_stairs, shop,
          nicolae_shop_bloodbath_and_beyond, kennysheep_potato
D:7:      minmay_spotlight, layout_basic, led_xom_imps,
          minmay_increasing_density, uniq_jeremiah
Temple:   nicolae_temple_god_jail

Skill      XL: |  1  2  3  4  5  6  7  8  9 |
---------------+----------------------------+-----
Dodging        | 1 2 3 4 |  4.1
Axes           | 2 3 4 5 |  5.9
Stealth        | 1 2 3 4 5 |  5.1
Fighting       | 4 5 |  5.6
Armour         | 3 4 5 |  5.0
Shields        | 3 |  3.9

Action                     |  1- 3 |  4- 6 |  7- 9 || total
---------------------------+-------+-------+-------++-------
  Melee: War axe           |    97 |   131 |   347 ||   575
         Unarmed           |     3 |       |       ||     3
   Stab: Sleeping          |     3 |     3 |       ||     6
 Armour: Scale mail        |    44 |    78 |   131 ||   253
         Skin              |     9 |       |       ||     9
         Plate armour      |       |       |   289 ||   289
  Dodge: Dodged            |    50 |    73 |   234 ||   357
  Block: Buckler           |    25 |    26 |    92 ||   143

Table legend: (Time is in decaauts)
 A = Elapsed time spent in this place.
 B = Non-inter-level travel time spent in this place.
 C = Inter-level travel time spent in this place.
 D = Time resting spent in this place.
 E = Time spent auto-exploring this place.
 F = Levels seen in this place.
 G = Mean time per level.
                   A        B        C        D        E       F      G
               +--------+--------+--------+--------+--------+-----+--------+
         Total |   6157 |   6067 |     90 |      0 |   4789 |   8 |  769.6 |
       Dungeon |   6149 |   6059 |     90 |      0 |   4789 |   7 |  878.4 |
        Temple |      7 |      7 |      0 |      0 |      0 |   1 |    7.0 |
               +--------+--------+--------+--------+--------+-----+--------+

Top non-repeatable levels by time:
     D:5: 1235 daAuts
     D:6: 1232 daAuts
     D:3: 1006 daAuts
     D:4: 1004 daAuts
     D:2: 888 daAuts
     D:7: 457 daAuts
     D:1: 325 daAuts
  Temple: 7 daAuts
